 Dungeon Crawl Stone Soup version 0.31-a0-543-geaa9c7a2c0 (webtiles) character file.

Game seed: 13554284127379453745

4010 TheCrane the Blocker (level 10, 0/88 HPs)
             Began as a Minotaur Fighter on Aug 10, 2023.
             Was an Initiate of Yredelemnul.
             Killed from afar by an electric eel (10 damage)
             ... with a bolt of electricity
             ... on level 9 of the Dungeon on Aug 15, 2023.
             The game lasted 01:02:48 (6519 turns).

TheCrane the Blocker (Minotaur Fighter)             Turns: 6519, Time: 01:02:48

Health: 0/88       AC: 11    Str: 25    XL:     10   Next: 3%
Magic:  13/13      EV: 10    Int:  5    God:    Yredelemnul [......]
Gold:   564        SH: 11    Dex: 18    Spells: 9/9 levels left

rFire   . . .        r - +8 whip "Losis" {freeze, Dex+2}
rCold   . . .        w - +0 kite shield
rNeg    . . .        b - +0 scale mail
rPois   .            (helmet restricted)
rElec   .            (no cloak)
rCorr   .            J - +0 pair of gloves
SInv    +            O - +1 pair of boots {Stlth+}
Will    .....        (no amulet)
Stlth   +            e - ring of see invisible
HPRegen 0.34/turn    k - +6 ring of dexterity
MPRegen 0.13/turn

%: no passive effects
@: no status effects
A: horns 2, retaliatory headbutt
a: Renounce Religion, Recall Undead Harvest


You were on level 9 of the Dungeon.
You worshipped Yredelemnul.
Yredelemnul was noncommittal.
You visited 1 branch of the dungeon, and saw 9 of its levels.

You collected 564 gold pieces.

Inventory:

Hand Weapons
 a - a +0 long sword
 r - the +8 whip "Losis" (weapon) {freeze, Dex+2}
   (You found it on level 3 of the Dungeon)

   Dex+2:     It affects your dexterity (+2).
Missiles
 g - 9 poisoned darts
 s - 9 javelins
 y - 3 throwing nets
Armour
 b - a +0 scale mail (worn)
 c - a +0 buckler
 w - a +0 kite shield (worn)
 x - a +0 scale mail
 J - a +0 pair of gloves (worn)
 O - a +1 pair of boots of stealth (worn)
Jewellery
 e - a ring of see invisible (left hand)
 k - a +6 ring of dexterity (right hand)
 z - a ring of poison resistance
 I - a ring of protection from fire
Wands
 A - a wand of flame (8)
 D - a wand of roots (9)
 N - a wand of charming (10)
Scrolls
 f - 3 scrolls of immolation {unknown}
 h - 3 scrolls of silence
 o - a scroll of revelation {unknown}
 p - 4 scrolls of teleportation
 q - 3 scrolls of noise {unknown}
 t - 2 scrolls of amnesia {unknown}
 v - a scroll of fear {unknown}
 E - a scroll of enchant weapon {unknown}
 F - a scroll of poison {unknown}
 G - 4 scrolls of identify
 K - a scroll of blinking {unknown}
 M - a scroll of fog {unknown}
 P - a scroll of vulnerability {unknown}
Potions
 d - 3 potions of might
 i - 3 potions of mutation {unknown}
 j - 3 potions of magic
 l - 2 potions of curing
 m - 2 potions of invisibility {unknown}
 n - a potion of attraction {unknown}
 u - 2 potions of degeneration {unknown}
 B - 3 potions of brilliance
 C - a potion of ambrosia {unknown}
 H - a potion of lignification {unknown}
 L - a potion of heal wounds {unknown}


   Skills:
 + Level 8.2 Fighting
 - Level 5.3 Long Blades
 + Level 7.4 Maces & Flails
 + Level 8.2 Armour
 - Level 2.1 Dodging
 - Level 0.7 Stealth
 + Level 8.3 Shields
 + Level 5.5 Invocations


You had 9 spell levels left.
You didn't know any spells.
Your spell library contained the following spells:

 Spells                   Type           Power      Damage    Failure   Level
 Freeze                   Ice            0%         1d3       90%         1
 Sublimation of Blood     Necr           0%         N/A       97%         2
 Frozen Ramparts          Ice            0%         1d1       99%         3
 Hailstorm                Conj/Ice       0%         3d3       99%         3
 Petrify                  Tmut/Erth      0%         N/A       100%        4
 Irradiate                Conj/Tmut      0%         3d11      100%        5


Dungeon Overview and Level Annotations

Branches:
Dungeon (9/15)             Temple (0/1) D:6
   Lair: D:8-11         Orc: D:9-12

Altars:
Elyvilon
Fedhas
Hepliaklqana
Trog
Uskayaw
Xom
Yredelemnul
Zin
The Shining One

Shops:
D:9 ([

Annotations:
D:4 1 runed translucent door, Crazy Yiuf


Innate Abilities, Weirdness & Mutations

You have a pair of horns on your head.
You reflexively headbutt those who attack you in melee.


Message History

Your kobold zombie is destroyed!
The bolt of electricity misses you. The bolt of electricity hits you!
* * * LOW HITPOINT WARNING * * *
The bullfrog hits you.
* * * LOW HITPOINT WARNING * * *
The bullfrog barely misses you.
You feel better. You block the bullfrog's attack.
You whack the bullfrog! You freeze the bullfrog.
The bullfrog is severely wounded.
The bullfrog hits you but does no damage.
You miss the bullfrog. Your headbutt misses the bullfrog.
The bullfrog is severely wounded.
You block the bullfrog's attack. x2
You miss the bullfrog.
The bullfrog is severely wounded.
You block the bullfrog's attack.
You whack the bullfrog! You freeze the bullfrog.
You kill the bullfrog!
You start resting.
An electric eel is nearby!
Aiming: Charm
Press: ? - help, Shift-Dir - straight line, f - electric eel
Aim: an electric eel (chance to affect: 57%)
The electric eel is charmed.
You start resting.
An electric eel is nearby!
The electric eel shoots out a bolt of lightning at you!
The bolt of electricity hits you!
* * * LOW HITPOINT WARNING * * *
The electric eel shoots out a bolt of lightning at you!
The bolt of electricity hits you!
* * * LOW HITPOINT WARNING * * *
You barely miss the electric eel. You headbutt the electric eel!
The electric eel is severely wounded.
You barely miss the electric eel. Your headbutt misses the electric eel.
The electric eel is severely wounded.
The electric eel shoots out a bolt of lightning at you!
The bolt of electricity hits you!
You die...
Your body rises from the dead as a mindless zombie.

....#.. ## .~ ....... ..
≈~# .. ...... . ≈≈#.⌠.
#....#. #≈≈#...
#.....###≈≈≈≈###
..##......~≈≈≈≈≈..
..........~S≈≈≈~..
.#......###S≈≈≈###
###...#.Z@#~≈#...#
##.Z#.⌠.#≈≈# ⌠.# ....
#..#...#~~#...# ..#...
#...###~..~###. ..#...##
#...............
.......#
#..##...#####...#§ #
.......# #..#....# ...
≈#
.......####..#....##..
#≈###≈
........##............##
#≈≈§≈ #


You could see an electric eel (ally target), a friendly electric eel (charmed)
and a friendly bullfrog zombie.

Vanquished Creatures
  Joseph (D:8)
  A shadow (D:9)
  Edmund (D:4)
  4 water moccasins
  An orc warrior (D:7)
  2 ice beasts
  2 sky beasts
  A black bear (D:7)
  3 ogres
  3 centaurs
  A phantom (D:7)
  2 kobold brigands
  A gnoll sergeant (D:5)
  4 bullfrogs
  2 scorpions (D:6)
  4 wights (D:7)
  3 howler monkeys
  A jelly (D:6)
  2 hounds
  3 orc priests
  A gnoll bouda (D:6)
  An iguana (D:4)
  9 orc wizards
  9 gnolls
  7 adders
  A white imp (D:7)
  An ufetubus (D:5)
  2 worms
  A dart slug (D:5)
  27 orcs
  6 ball pythons
  3 endoplasms (D:2)
  2 giant cockroaches
  2 gnoll zombies (D:5)
  9 goblins
  12 hobgoblins
  4 jackals
  8 quokkas
  7 bats
  3 frilled lizards
  19 kobolds
  5 rats
181 creatures vanquished.

Vanquished Creatures (collateral kills)
  A water moccasin (D:7)
  A wight (D:7)
  An orc priest (D:7)
  An orc wizard (D:3)
  An adder (D:2)
  An orc (D:3)
  An endoplasm (D:2)
  A goblin (D:8)
8 creatures vanquished.

Vanquished Creatures (others)
  A water moccasin zombie (D:7)
  A howler monkey zombie (D:7)
  2 gnoll zombies (D:5)
  2 bat zombies (D:2)
  A hobgoblin zombie (D:3)
  6 kobold zombies
  8 orc zombies
21 creatures vanquished.

Grand Total: 210 creatures vanquished

Notes
Turn   | Place    | Note
-------+----------+-------------------------------------------
     0 | D:1      | TheCrane the Minotaur Fighter began the quest for the Orb.
     0 | D:1      | Reached XP level 1. HP: 19/19 MP: 0/0
     0 | D:1      | Upgraded the game from 0.31-a0-516-gfcb59812bd to
                  | 0.31-a0-543-geaa9c7a2c0
    74 | D:1      | Reached XP level 2. HP: 27/27 MP: 1/1
   474 | D:2      | Found a faded altar of an unknown god.
   528 | D:2      | Prayed at the altar of an unknown god.
   528 | D:2      | Became a worshipper of Yredelemnul the Dark
   528 | D:2      | Reached * piety under Yredelemnul
   545 | D:2      | Reached XP level 3. HP: 33/33 MP: 2/2
   634 | D:2      | Reached ** piety under Yredelemnul
   634 | D:2      | Reached skill level 1 in Dodging
   981 | D:3      | Reached XP level 4. HP: 40/40 MP: 3/3
  1016 | D:3      | Identified the +8 whip "Losis" {freeze, Dex+2}
  1075 | D:3      | Reached XP level 5. HP: 33/46 MP: 4/4
  1770 | D:4      | Reached skill level 1 in Maces & Flails
  1944 | D:4      | Reached skill level 5 in Long Blades
  1944 | D:4      | Reached XP level 6. HP: 52/52 MP: 5/5
  1991 | D:4      | Found a runed translucent door.
  1992 | D:4      | Noticed Crazy Yiuf
  2194 | D:4      | Reached *** piety under Yredelemnul
  2235 | D:4      | Noticed Edmund
  2252 | D:4      | Killed Edmund
  2253 | D:4      | Reached skill level 1 in Invocations
  2257 | D:4      | Reached XP level 7. HP: 25/60 MP: 6/6
  2638 | D:5      | Entered Level 5 of the Dungeon
  2724 | D:5      | Noticed a +0 hand axe
  2725 | D:5      | Noticed a +0 hand axe
  2728 | D:5      | Found a hide-covered altar of Uskayaw.
  2739 | D:5      | Reached skill level 5 in Armour
  2739 | D:5      | Reached skill level 5 in Shields
  2878 | D:5      | Reached skill level 5 in Fighting
  3052 | D:5      | Found a basalt altar of Yredelemnul.
  3434 | D:6      | Reached XP level 8. HP: 69/69 MP: 8/8
  3520 | D:6      | Noticed an angel
  3521 | D:6      | Found a shimmering altar of Xom.
  3523 | D:6      | Found a glowing silver altar of Zin.
  3554 | D:6      | You fall into a shaft and drop 2 floors!
  3751 | D:7      | Reached skill level 5 in Maces & Flails
  4042 | D:7      | Reached XP level 9. HP: 78/78 MP: 11/11
  4843 | D:6      | Found a hazy altar of Hepliaklqana.
  4908 | D:6      | Found a staircase to the Ecumenical Temple.
  5299 | D:6      | Reached skill level 5 in Invocations
  5517 | D:8      | Noticed Joseph
  5542 | D:8      | Killed Joseph
  5776 | D:8      | Found a white marble altar of Elyvilon.
  5828 | D:8      | Found a glowing golden altar of the Shining One.
  5929 | D:8      | Found a bloodstained altar of Trog.
  6084 | D:9      | Found Kaitz's Antique Armour Boutique.
  6121 | D:9      | Reached XP level 10. HP: 58/88 MP: 13/13
  6388 | D:9      | Found Toeschig's Weapon Emporium.
  6410 | D:9      | Found a blossoming altar of Fedhas.
  6459 | D:9      | HP: 2/88 [bullfrog (5)]
  6519 | D:9      | Killed from afar by an electric eel

Illustrated notes

Levels and vault maps discovered:
D:1:      dpeg_arrival_simpleton_a, layout_basic, minivault_26,
          nicolae_concentric_dashed_squares_mild
D:2:      layout_rooms, basic_ecumenical_altar, kennysheep_generic_room_10
D:3:      layout_loops_ring, grunt_ministairs_1, lemuel_flame_loot_1
D:4:      layout_gridville, uniq_crazy_yiuf_cottage, uniq_edmund
D:5:      layout_loops_ring, dancing_weapons_uskayaw, general_overflow_altar,
          st_stairs_2
D:6:      layout_loops_ring, grunt_temple_overflow_order_and_chaos_1,
          worldfamousw_hep_ancestral_shrine, minmay_temple_entry_large_hall,
          minmay_hedge_maze
D:7:      layout_loops_ring
D:8:      layout_basic, trog_hazing_becter, overflow_temple_1_default,
          tso_metal_star, uniq_joseph
D:9:      layout_layer_cave, nicolae_qazlal_eye_of_the_storm, slow_altar_2,
          fedhas_altar_3, david_lair_generic, serial_shops, shop,
          kennysheep_mini_moat, shop, nicolae_shop_tiny_waterfront, fountainhead

Skill      XL: |  1  2  3  4  5  6  7  8  9 |
---------------+----------------------------+-----
Shields        | 4 5 7 8 |  8.3
Fighting       | 4 5 6 8 |  8.2
Armour         | 4 5 6 8 |  8.2
Long Blades    | 3 4 5 |  5.3
Dodging        | 1 2 |  2.1
Maces & Flails | 2 3 4 5 7 |  7.4
Invocations    | 1 2 4 5 |  5.5
Stealth        | |  0.7

Action                     |  1- 3 |  4- 6 |  7- 9 | 10-12 || total
---------------------------+-------+-------+-------+-------++-------
  Melee: Long sword        |    84 |     1 |       |       ||    85
         Headbutt          |     7 |    22 |    49 |     1 ||    79
         Whip              |       |    94 |   268 |    13 ||   375
  Throw: Javelin           |       |       |     1 |       ||     1
 Invoke: Recall Undead Har |       |     2 |     1 |       ||     3
         Dark Bargain      |       |       |     1 |       ||     1
  Evoke: Wand              |       |       |     1 |     1 ||     2
    Use: Scroll            |       |       |     5 |       ||     5
         Potion            |       |       |     1 |     1 ||     2
   Stab: Distracted        |     2 |     2 |       |       ||     4
 Armour: Scale mail        |    43 |    25 |    59 |     5 ||   132
  Dodge: Dodged            |    42 |    37 |    98 |     3 ||   180
  Block: Buckler           |    23 |    18 |     6 |       ||    47
         Kite shield       |       |       |   118 |     7 ||   125

Table legend: (Time is in decaauts)
 A = Elapsed time spent in this place.
 B = Non-inter-level travel time spent in this place.
 C = Inter-level travel time spent in this place.
 D = Time resting spent in this place.
 E = Time spent auto-exploring this place.
 F = Levels seen in this place.
 G = Mean time per level.
                   A        B        C        D        E       F      G
               +--------+--------+--------+--------+--------+-----+--------+
         Total |   6526 |   6270 |    256 |    428 |   4629 |   9 |  725.1 |
       Dungeon |   6526 |   6270 |    256 |    428 |   4629 |   9 |  725.1 |
               +--------+--------+--------+--------+--------+-----+--------+

Top non-repeatable levels by time:
     D:6: 980 daAuts
     D:4: 946 daAuts
     D:7: 900 daAuts
     D:5: 792 daAuts
     D:8: 757 daAuts
     D:3: 736 daAuts
     D:2: 496 daAuts
     D:1: 487 daAuts
     D:9: 429 daAuts
